 Dungeon Crawl Stone Soup version 0.23.2-33-g5129a83184 (webtiles) character file.

Game seed: 10331664434611782491

58 dvd the Skirmisher (level 4, 0/27 HPs)
             Began as a Gargoyle Wanderer on July 6, 2019.
             Slain by Sigmund
             ... wielding a +2 scythe of freezing
              (1 damage)
             ... on level 2 of the Dungeon.
             The game lasted 00:03:18 (1095 turns).

dvd the Skirmisher (Gargoyle Wanderer)              Turns: 1095, Time: 00:03:19

Health: 0/27       AC:  5    Str: 15    XL:     4   Next: 2%
Magic:  4/7        EV: 12    Int: 14    God:
Gold:   112        SH:  0    Dex:  9    Spells: 7/8 levels left

rFire    . . .     SeeInvis .   a - +0 spear
rCold    . . .     Gourm    .   (no shield)
rNeg     + . .     Faith    .   e - +0 robe
rPois    ∞         Spirit   .   (no helmet)
rElec    +         Reflect  .   (no cloak)
rCorr    .         Harm     .   (no gloves)
MR       .....                  (no boots)
Stlth    +.........             (no amulet)
HPRegen  0.09/turn              (no ring)
MPRegen  0.10/turn              (no ring)

@: confused
A: negative energy resistance 1, electricity resistance, unbreathing,
petrification resistance, rot immunity, AC +3
a: no special abilities


You were on level 2 of the Dungeon.
You were not hungry.

You visited 1 branch of the dungeon, and saw 2 of its levels.

You collected 112 gold pieces.

Inventory:

Hand Weapons
 a - a +0 spear (weapon)
Armour
 e - a +0 robe (worn)
Scrolls
 d - a scroll of remove curse {unknown}
 h - 7 scrolls of identify {unknown}
 i - 3 scrolls of amnesia {unknown}
 k - a scroll of enchant weapon {unknown}
 l - a scroll of magic mapping {unknown}
Potions
 b - a potion of haste
 c - a potion of berserk rage
 j - a potion of degeneration {unknown}
 m - a potion of agility {unknown}
 n - a potion of curing {unknown}
Comestibles
 f - 6 rations
 g - a chunk of flesh


   Skills:
 + Level 2.7 Fighting
 + Level 0.8 Polearms
 + Level 1.6 Dodging
 + Level 1.3 Stealth
   Level 1.1 Shields
 + Level 2.1 Unarmed Combat
 + Level 2.6 Spellcasting
 + Level 0.5 Conjurations
   Level 1.0 Necromancy
 + Level 0.4 Fire Magic


You had 7 spell levels left.
You knew the following spells:

 Your Spells              Type           Power        Failure   Level  Hunger
a - Flame Tongue          Conj/Fire      #....        19%         1    #......

Your spell library contained the following spells:

 Spells                   Type           Power        Failure   Level  Hunger
 Ignite Poison            Fire/Tmut/Pois #.......     54%         3    ###....


Dungeon Overview and Level Annotations

Branches:
Dungeon (2/15)

Altars:

Annotations:
D:2 Sigmund


Innate Abilities, Weirdness & Mutations

You are resistant to torment.
Your stone body is resilient. (AC +3)
You are immune to poison.
You resist negative energy. (rN+)
You are resistant to electric shocks. (rElec)
You can survive without breathing.
You are immune to petrification.
You are immune to rotting.


Message History

The flame tongue hits Sigmund but does no damage.
Sigmund closely misses you.
Casting: Flame Tongue (safe; 19% risk of failure)
Confirm with . or Enter, or press ? or * to list all spells.
Aiming: Flame Tongue (safe; 19% risk of failure)
Press: ? - help, Shift-Dir - straight line, f/p - Sigmund
Aim: Sigmund, wielding a +2 scythe of freezing and wearing a +0 robe The flame tongue hits Sigmund!
Sigmund is moderately wounded.
The frilled lizard misses you. Sigmund casts a spell at you.
You are confused.
You're too confused to cast spells.
Sorry, you're not good enough to have a special ability.
Unknown command.
The frilled lizard closely misses you.
Sigmund hits you with a +2 scythe of freezing!
* * * LOW HITPOINT WARNING * * *
Sigmund freezes you.
You die...

#.... ##.........#...
....
#.###......####.#
#..##.# #......#### #
#...#.######......#..
#.......# ##.)......
#..####.####..###...
#?...##.##....# #
#..l.##..#....#
#..@.###.#..).#
#..@.# #......#
#....# ###....#
#$...# #....# #....#
#....# ###### #....#
######


You could see Sigmund and a frilled lizard.

Vanquished Creatures
  Natasha (D:2)
  An adder (D:2)
  An ooze (D:2)
  A dart slug (D:1)
  A giant cockroach (D:1)
  2 goblins (D:1)
  3 jackals (D:1)
  3 bats
  3 frilled lizards (D:1)
  A kobold (D:2)
  6 rats
23 creatures vanquished.

Notes
Turn   | Place    | Note
-------+----------+-------------------------------------------
     0 | D:1      | dvd the Gargoyle Wanderer began the quest for the Orb.
     0 | D:1      | dvd set off with the following items: a +0 spear, a potion
                  | of haste, a potion of berserk rage, a +0 robe, a ration;
                  | and the following spell memorised: Flame Tongue; and the
                  | following spells available to memorise: Ignite Poison
     0 | D:1      | Reached XP level 1. HP: 12/12 MP: 3/3
   300 | D:1      | Reached XP level 2. HP: 12/18 MP: 1/5
   726 | D:2      | Reached XP level 3. HP: 15/22 MP: 0/6
   863 | D:2      | Noticed Natasha
   869 | D:2      | Killed Natasha
   876 | D:2      | Reached XP level 4. HP: 15/27 MP: 2/7
  1083 | D:2      | Noticed Sigmund
  1095 | D:2      | HP: 1/27 [Sigmund/+2 scythe of freezing (13)]
  1095 | D:2      | Slain by Sigmund

Action                   |  1- 3 |  4- 6 || total
-------------------------+-------+-------++-------
Melee: Spear             |    57 |     5 ||    62
 Cast: Flame Tongue      |    25 |     6 ||    31
  Eat: Chunk             |       |     1 ||     1
Armor: Robe              |    27 |     2 ||    29
Dodge: Dodged            |    58 |     8 ||    66
